 Dungeon Crawl Stone Soup version 0.24.0-123-gd5b16e6ec5 (webtiles) character file.

Game seed: 18172504584513819629, levelgen mode: deterministic

1057 Norian the Thaumaturge (level 8, -2/41 HPs)
             Began as a Deep Elf Conjurer on Dec 20, 2019.
             Slain by a sky beast (6 damage)
             ... on level 4 of the Dungeon.
             The game lasted 00:10:42 (4328 turns).

Norian the Thaumaturge (Deep Elf Conjurer)          Turns: 4328, Time: 00:10:43

Health: -2/41      AC:  5    Str: 12    XL:     8   Next: 6%
Magic:  4/22       EV: 18    Int: 21    God:
Gold:   213        SH:  0    Dex: 20    Spells: 14/23 levels left

rFire    . . .     SeeInvis .   x - +3 rapier (freeze)
rCold    . . .     Gourm    .   (no shield)
rNeg     . . .     Faith    .   y - +1 robe
rPois    .         Spirit   .   (no helmet)
rElec    .         Reflect  .   (no cloak)
rCorr    .         Harm     .   m - +0 pair of gloves
MR       .....                  a - +0 pair of boots
Stlth    ++++......             d - amulet of regeneration
HPRegen  0.53/turn              o - ring of stealth
MPRegen  0.18/turn              (no ring)

@: mighty, agile, flying, very slightly contaminated
A: no striking features
a: no special abilities


You were on level 4 of the Dungeon.
You were hungry.

You visited 1 branch of the dungeon, and saw 5 of its levels.

You collected 213 gold pieces.

Inventory:

Hand Weapons
 b - a +0 dagger of venom
 x - a +3 rapier of freezing (weapon)
Armour
 a - a +0 pair of boots (worn)
 m - a +0 pair of gloves (worn)
 y - a +1 robe (worn)
Jewellery
 d - an amulet of regeneration (around neck)
 o - a ring of stealth (left hand)
Scrolls
 f - a scroll of blinking {unknown}
 g - 2 scrolls of teleportation {unknown}
 h - 2 scrolls of amnesia {unknown}
 i - 3 scrolls of enchant weapon {unknown}
 j - 3 scrolls of remove curse
 k - 3 scrolls of fog {unknown}
 l - a scroll of enchant armour {unknown}
 n - 2 scrolls of immolation {unknown}
 p - 2 scrolls of identify {unknown}
 q - a scroll of random uselessness {unknown}
 t - 6 scrolls of magic mapping {unknown}
 B - a scroll of fear {unknown}
Potions
 e - a potion of haste {unknown}
 r - a potion of curing {unknown}
 s - a potion of flight
 u - 2 potions of degeneration {unknown}
 v - a potion of might
 w - a potion of brilliance {unknown}
 z - a potion of agility
 A - a potion of invisibility {unknown}
Comestibles
 c - 7 rations
 C - 3 chunks of flesh


   Skills:
 - Level 2.4 Dodging
 - Level 2.4 Stealth
 + Level 8.3 Spellcasting
 + Level 7.9 Conjurations
 + Level 5.2 Hexes


You had 14 spell levels left.
You knew the following spells:

 Your Spells              Type           Power        Failure   Level  Hunger
a - Magic Dart            Conj           ####         1%          1    None
b - Iskenderun's Mystic   Conj           #####...     3%          4    ###....
c - Fulminant Prism       Conj/Hex       #####.....   4%          4    ###....

Your spell library contained the following spells:

 Spells                   Type           Power        Failure   Level  Hunger
 Corona                   Hex            ####...      1%          1    None
 Searing Ray              Conj           #####.       1%          2    None
 Dazzling Spray           Conj/Hex       #####.       1%          3    None
 Confuse                  Hex            ####....     2%          3    None
 Tukima's Dance           Hex            ####....     2%          3    None
 Ensorcelled Hibernation  Hex/Ice        ###...       4%          2    None
 Force Lance              Conj/Tloc      ####....     16%         4    ###....


Dungeon Overview and Level Annotations

Branches:
Dungeon (5/15)             Temple (0/1) D:5

Altars:
Kikubaaqudgha
Trog

Shops:
D:4 [


Message History

You are feeling hungry.
Something hits you but does no damage.
Things that are here:
a +0 leather armour; 5 boomerangs; a +0 whip A sky beast appears from thin air!
Reactivating autopickup.
The sky beast hits you.
* * * LOW HITPOINT WARNING * * *
The sky beast shocks you.
* * * LOW HITPOINT WARNING * * *
Okay, then.
It was a potion of might.
You feel very mighty all of a sudden. The sky beast closely misses you.
It was a potion of agility.
You feel agile all of a sudden. The sky beast hits you.
* * * LOW HITPOINT WARNING * * *
The sky beast shocks you.
You die...

.#.#.#.#.#.#.# #..# #.#####
.............# #..# #......
#.####..###.####.## #######
..####...........#
...(.....#######.#
####...[.........#
......)..).......#
.###.#.#)#######.# .# #.#....##
#@# .# #.#.###.# #Y## .###.#.#
#.# #[.# .##....###.######.######
...........)...>.......#
...............##......###
#########.####.##[.......########
#.# #.##[............... #.#
#.##.[.........#####


You could see a sky beast.

Vanquished Creatures
  Duvessa (D:4)
  2 ogres (D:4)
  Dowan (D:4)
  A scorpion (D:5)
  A jelly (D:5)
  A bullfrog skeleton (D:4)
  4 orc priests
  7 orc wizards
  2 worker ants (D:4)
  9 gnolls
  5 adders
  A shadow imp (D:5)
  An ooze (D:1)
  2 adder skeletons (D:5)
  3 worms
  A dart slug (D:1)
  3 leopard geckos
  19 orcs
  20 bats
  2 bat skeletons (D:5)
  3 bat zombies (D:5)
  5 giant cockroaches
  3 goblins
  3 hobgoblins (D:3)
  4 quokkas
  6 frilled lizards
  6 kobolds
  6 rats
122 creatures vanquished.

Vanquished Creatures (others)
  5 fulminant prisms
5 creatures vanquished.

Grand Total: 127 creatures vanquished

Notes
Turn   | Place    | Note
-------+----------+-------------------------------------------
     0 | D:1      | Norian the Deep Elf Conjurer began the quest for the Orb.
     0 | D:1      | Reached XP level 1. HP: 10/10 MP: 6/6
     2 | D:1      | Noticed a spriggan
     2 | D:1      | Noticed a centaur
     4 | D:1      | Noticed a formicid
     4 | D:1      | Noticed a ghoul
     6 | D:1      | Noticed an elf
     8 | D:1      | Noticed a human
    10 | D:1      | Noticed a minotaur
    10 | D:1      | Noticed a felid
    12 | D:1      | Noticed a demigod
    12 | D:1      | Noticed a demonspawn
    14 | D:1      | Noticed a merfolk
    14 | D:1      | Noticed a draconian
    16 | D:1      | Noticed an octopode
    18 | D:1      | Noticed a naga
    18 | D:1      | Noticed a halfling
    20 | D:1      | Noticed a gargoyle
    20 | D:1      | Noticed a tengu
    22 | D:1      | Noticed an ogre
    22 | D:1      | Noticed a dwarf
    24 | D:1      | Noticed a troll
    24 | D:1      | Noticed a vampire
    26 | D:1      | Noticed a vine stalker
   173 | D:1      | Reached XP level 2. HP: 15/15 MP: 0/8
   965 | D:2      | Reached skill level 4 in Spellcasting
   965 | D:2      | Reached skill level 5 in Conjurations
   965 | D:2      | Reached XP level 3. HP: 19/19 MP: 3/10
  1310 | D:2      | Reached XP level 4. HP: 24/24 MP: 2/12
  1700 | D:3      | Reached skill level 5 in Spellcasting
  1706 | D:3      | Reached XP level 5. HP: 26/28 MP: 2/14
  1849 | D:3      | Found a bloodstained altar of Trog.
  2303 | D:3      | Reached skill level 6 in Spellcasting
  2455 | D:4      | Learned a level 4 spell: Iskenderun's Mystic Blast
  2460 | D:4      | Learned a level 4 spell: Fulminant Prism
  2488 | D:4      | Reached skill level 1 in Hexes
  2488 | D:4      | Reached XP level 6. HP: 18/32 MP: 0/17
  2740 | D:4      | Noticed Duvessa
  2763 | D:4      | Noticed Dowan
  2788 | D:4      | Killed Duvessa
  2788 | D:4      | Reached skill level 7 in Spellcasting
  2929 | D:4      | Reached XP level 7. HP: 36/36 MP: 14/19
  2947 | D:4      | Killed Dowan
  3289 | D:4      | Found Ufex's Antique Armour Boutique.
  3953 | D:5      | Entered Level 5 of the Dungeon
  3959 | D:5      | Reached skill level 8 in Spellcasting
  4010 | D:5      | Found an ancient bone altar of Kikubaaqudgha.
  4137 | D:5      | Reached skill level 5 in Hexes
  4174 | D:5      | Reached XP level 8. HP: 41/41 MP: 13/22
  4296 | D:5      | Found a staircase to the Ecumenical Temple.
  4328 | D:4      | Slain by a sky beast

Levels and vault maps discovered:
D:1:      kb_arrival_jail, layout_basic
D:2:      layout_basic, first_ration
D:3:      layout_rooms, nicolae_overflow_crystal_walls, roderic_batcave,
          serial_bayou_pond_c
D:4:      layout_loops_ring, serial_shops, shop,
          hangedman_abyss_or_decor_stagger, minmay_misc_feat_pillars,
          minmay_pentomino_pile, uniq_duvessa
D:5:      layout_basic, kennysheep_vampire_church, lemuel_doored_altar,
          minmay_temple_entry_large_hall, st_stairs_1

Skill      XL: |  1  2  3  4  5  6  7 |
---------------+----------------------+-----
Spellcasting   | 4 5 6 7 8 |  8.3
Conjurations   | 5 6 7 |  7.9
Hexes          | 1 3 5 |  5.2
Dodging        | |  2.4
Stealth        | |  2.4

Action                   |  1- 3 |  4- 6 |  7- 9 || total
-------------------------+-------+-------+-------++-------
Melee: Dagger            |     1 |     9 |       ||    10
       Rapier            |       |       |    11 ||    11
 Cast: Magic Dart        |    58 |   124 |    92 ||   274
       Iskenderun's Myst |       |     5 |    12 ||    17
       Fulminant Prism   |       |     2 |     3 ||     5
  Use: Potion            |       |       |     3 ||     3
       Scroll            |       |       |     1 ||     1
  Eat: Chunk             |     1 |     5 |     6 ||    12
Armor: Robe              |     1 |    10 |    16 ||    27
Dodge: Dodged            |     4 |    31 |    28 ||    63
